AAA
MONTERREY KILLER WHALES @ LYNN PATRIOTS
05/11/2060
 
TOP OF THE 1ST
Monterrey Killer Whales batting - Pitching for Lynn Patriots : RHP Chas Lee
Pitching: RHP Chas Lee
Batting: RHB Billy Taylor 0-0: Ball
1-0: Called Strike
1-1: Called Strike
1-2: Strikes out swinging
Batting: LHB Ray Seevers 0-0: Ball
1-0: DOUBLE (Line Drive, 9LS, EV 88.1 MPH)
Batting: LHB Tony May 0-0: Ball
1-0: Foul Ball, location: 2F
1-1: Called Strike
1-2: Strikes out swinging
Batting: SHB Tucker Shad 0-0: Ball
1-0: Called Strike
1-1: Ground out 6-3 (Groundball, 56D, EV 85.0 MPH)
Top of the 1st over - 0 runs, 1 hit, 0 errors, 1 left on base; Monterrey 0 - Lynn 0
BOTTOM OF THE 1ST
Lynn Patriots batting - Pitching for Monterrey Killer Whales : RHP Jessie Fisher
Pitching: RHP Jessie Fisher
Batting: LHB Shan Waseem 0-0: Ball
1-0: Ball
2-0: Called Strike
2-1: Called Strike
2-2: Ball
3-2: Base on Balls
Batting: LHB Neal McDonald 0-0: Ball
1-0: Ball
2-0: Fly out, F8 (Flyball, 89M, EV 84.4 MPH)
Batting: RHB Isaac Murphy 0-0: Ball
1-0: Swinging Strike
1-1: Ball
2-1: Grounds into double play, 5-4-3 (Groundball, 56S, EV 83.1 MPH)
Bottom of the 1st over - 0 runs, 0 hits, 0 errors, 0 left on base; Monterrey 0 - Lynn 0
TOP OF THE 2ND
Monterrey Killer Whales batting - Pitching for Lynn Patriots : RHP Chas Lee
Batting: RHB Sylvan Troke 0-0: Swinging Strike
0-1: Called Strike
0-2: Ball
1-2: Ball
2-2: SINGLE (Groundball, 34D, EV 96.2 MPH)
Batting: LHB Stephen Snowbarger 0-0: Fly out, F8 (Flyball, 78S, EV 91.2 MPH)
Batting: RHB Jaren Toone 0-0: Ball
1-0: Called Strike
1-1: Ball
2-1: Foul Ball, location: 2F
2-2: Fly out, F7 (Flyball, 78D, EV 85.0 MPH)
Batting: RHB Corey Douglas 0-0: Called Strike
0-1: Swinging Strike
0-2: Strikes out swinging
Top of the 2nd over - 0 runs, 1 hit, 0 errors, 1 left on base; Monterrey 0 - Lynn 0
BOTTOM OF THE 2ND
Lynn Patriots batting - Pitching for Monterrey Killer Whales : RHP Jessie Fisher
Batting: LHB Brandt Bagishaev 0-0: Called Strike
0-1: Foul Ball, location: 2F
0-2: Ball
1-2: Strikes out swinging
Batting: LHB Sherman Primes 0-0: Ball
1-0: Ball
2-0: Foul Ball, location: 2F
2-1: SINGLE (Groundball, 6MS, EV 90.0 MPH) (infield hit)
Batting: LHB Rashaun Harrington 0-0: Foul Ball, location: 2F
0-1: Fly out, F7 (Flyball, 7, EV 84.4 MPH)
Batting: RHB Malik Donnell 0-0: Reached on error, E2 (Groundball, 13S, EV 68.1 MPH)
Sherman Primes to second
Batting: SHB Xavier Amaro 0-0: Ball
1-0: Called Strike
1-1: Swinging Strike
1-2: SINGLE (Groundball, 4MD, EV 106.9 MPH)
Sherman Primes to third
Malik Donnell to second
Runner from 3rd tries for Home, throw by CF and OUT! 8-2
Bottom of the 2nd over - 0 runs, 2 hits, 1 error, 2 left on base; Monterrey 0 - Lynn 0
TOP OF THE 3RD
Monterrey Killer Whales batting - Pitching for Lynn Patriots : RHP Chas Lee
Batting: LHB Furman Auerbach 0-0: Swinging Strike
0-1: Ball
1-1: Fly out, F7 (Flyball, 7S, EV 90.0 MPH)
Batting: RHB Billy Taylor 0-0: Ground out 5-3 (Groundball, 5, EV 88.1 MPH)
Batting: LHB Ray Seevers 0-0: SINGLE (Groundball, 6D, EV 95.0 MPH)
Batting: LHB Tony May 0-0: Ball
Ray Seevers steals 2nd base
1-0: Called Strike
1-1: Swinging Strike
1-2: Ball
2-2: Foul Ball, location: 2F
2-2: Ball
3-2: Strikes out looking
Top of the 3rd over - 0 runs, 1 hit, 0 errors, 1 left on base; Monterrey 0 - Lynn 0
BOTTOM OF THE 3RD
Lynn Patriots batting - Pitching for Monterrey Killer Whales : RHP Jessie Fisher
Batting: RHB O.K. Emelyantsev 0-0: Called Strike
0-1: Swinging Strike
0-2: Strikes out swinging
Batting: LHB Shan Waseem 0-0: Called Strike
0-1: Swinging Strike
0-2: Ball
1-2: Strikes out looking
Batting: LHB Neal McDonald 0-0: Ground out 4-3 (Groundball, 4M, EV 81.2 MPH)
Bottom of the 3rd over - 0 runs, 0 hits, 0 errors, 0 left on base; Monterrey 0 - Lynn 0
TOP OF THE 4TH
Monterrey Killer Whales batting - Pitching for Lynn Patriots : RHP Chas Lee
Batting: SHB Tucker Shad 0-0: Foul Ball, location: 2F
0-1: Called Strike
0-2: Ground out 5-3 (Groundball, 56, EV 102.5 MPH)
Batting: RHB Sylvan Troke 0-0: Ground out 6-3 (Groundball, 6S, EV 83.8 MPH)
Batting: LHB Stephen Snowbarger 0-0: Ball
1-0: Ball
2-0: DOUBLE (Flyball, 78XD, EV 101.2 MPH)
Batting: RHB Jaren Toone 0-0: Ball
1-0: Foul Ball, location: 2F
1-1: Swinging Strike
1-2: Foul Ball, location: 2F
1-2: Ball
2-2: SINGLE (Groundball, 56D, EV 101.2 MPH)
Stephen Snowbarger to third
Runner from 3rd tries for Home, SAFE, throw by LF to home
Batting: RHB Corey Douglas 0-0: Called Strike
0-1: Swinging Strike
0-2: Foul Ball, location: 2F
0-2: Strikes out swinging
Top of the 4th over - 1 run, 2 hits, 0 errors, 1 left on base; Monterrey 1 - Lynn 0
BOTTOM OF THE 4TH
Lynn Patriots batting - Pitching for Monterrey Killer Whales : RHP Jessie Fisher
Batting: RHB Isaac Murphy 0-0: Foul Ball, location: 2F
0-1: Foul Ball, location: 2F
0-2: SINGLE (Groundball, 6MD, EV 97.5 MPH)
Batting: LHB Brandt Bagishaev 0-0: Called Strike
0-1: Ball
1-1: Ball
2-1: Swinging Strike
2-2: Strikes out swinging
Batting: LHB Sherman Primes 0-0: Ball
Passed Ball!
Isaac Murphy to second
1-0: Ball
2-0: Foul Ball, location: 2F
2-1: Ball
3-1: Base on Balls
Batting: LHB Rashaun Harrington 0-0: Called Strike
0-1: Swinging Strike
0-2: Ball
1-2: Ball
2-2: Foul Ball, location: 2F
2-2: Foul Ball, location: 2F
2-2: Ball
3-2: Ground out U3 (Groundball, 3S, EV 70.0 MPH)
Isaac Murphy to third
Sherman Primes to second
Batting: RHB Malik Donnell 0-0: Called Strike
0-1: Foul Ball, location: 2F
0-2: SINGLE (Groundball, 6D, EV 100.6 MPH)
Isaac Murphy scores
Sherman Primes to third
Runner from 3rd tries for Home, SAFE, throw by LF to home
Batting: SHB Xavier Amaro 0-0: Ball
Malik Donnell steals 2nd base
1-0: Swinging Strike
1-1: Ball
2-1: Foul Ball, location: 2F
2-2: Strikes out swinging
Bottom of the 4th over - 2 runs, 2 hits, 0 errors, 1 left on base; Monterrey 1 - Lynn 2
TOP OF THE 5TH
Monterrey Killer Whales batting - Pitching for Lynn Patriots : RHP Chas Lee
Batting: LHB Furman Auerbach 0-0: Foul Ball, location: 2F
0-1: Called Strike
0-2: Foul Ball, location: 2F
0-2: Ball
1-2: Strikes out looking
Batting: RHB Billy Taylor 0-0: Called Strike
0-1: Foul Ball, location: 2F
0-2: Ball
1-2: Ball
2-2: Strikes out looking
Batting: LHB Ray Seevers 0-0: Ball
1-0: Ball
2-0: Fly out, F7 (Flyball, 7, EV 88.8 MPH)
Top of the 5th over - 0 runs, 0 hits, 0 errors, 0 left on base; Monterrey 1 - Lynn 2
BOTTOM OF THE 5TH
Lynn Patriots batting - Pitching for Monterrey Killer Whales : RHP Jessie Fisher
Batting: RHB O.K. Emelyantsev 0-0: Foul Ball, location: 2F
0-1: Ball
1-1: Ball
2-1: Ground out 6-3 (Groundball, 6, EV 78.1 MPH)
Batting: LHB Shan Waseem 0-0: Ball
1-0: Ball
2-0: Ball
3-0: Called Strike
3-1: Called Strike
3-2: Fly out, F3 (Line Drive, 3, EV 65.0 MPH)
Batting: LHB Neal McDonald 0-0: Fly out, F9 (Flyball, 89M, EV 81.9 MPH)
Bottom of the 5th over - 0 runs, 0 hits, 0 errors, 0 left on base; Monterrey 1 - Lynn 2
TOP OF THE 6TH
Monterrey Killer Whales batting - Pitching for Lynn Patriots : RHP Chas Lee
Batting: LHB Tony May 0-0: Called Strike
0-1: Foul Ball, location: 2F
0-2: Fly out, F2 (Popup, 2LF, EV 83.8 MPH)
Batting: SHB Tucker Shad 0-0: Ground out 4-3 (Groundball, 4M, EV 108.8 MPH)
Batting: RHB Sylvan Troke 0-0: Ball
1-0: Ball
2-0: Foul Ball, location: 2F
2-1: Fly out, F8 (Line Drive, 8RM, EV 90.0 MPH)
Top of the 6th over - 0 runs, 0 hits, 0 errors, 0 left on base; Monterrey 1 - Lynn 2
BOTTOM OF THE 6TH
Lynn Patriots batting - Pitching for Monterrey Killer Whales : RHP Jessie Fisher
Batting: RHB Isaac Murphy 0-0: Foul Ball, location: 2F
0-1: Called Strike
0-2: Ball
1-2: Ball
2-2: Fly out, F9 (Flyball, 9LMF, EV 98.8 MPH)
Batting: LHB Brandt Bagishaev 0-0: Called Strike
0-1: Called Strike
0-2: Strikes out swinging
Batting: LHB Sherman Primes 0-0: Called Strike
0-1: Ball
1-1: Ball
2-1: DOUBLE (Groundball, 3L, EV 101.9 MPH)
Batting: LHB Rashaun Harrington 0-0: Ball
1-0: Foul Ball, location: 2F
1-1: Ball
2-1: Foul Ball, location: 2F
2-2: Ball
3-2: Strikes out swinging
Bottom of the 6th over - 0 runs, 1 hit, 0 errors, 1 left on base; Monterrey 1 - Lynn 2
TOP OF THE 7TH
Monterrey Killer Whales batting - Pitching for Lynn Patriots : RHP Chas Lee
Batting: LHB Stephen Snowbarger 0-0: Foul Ball, location: 2F
0-1: Called Strike
0-2: Ground out 3-1 (Groundball, 34S, EV 80.6 MPH)
Batting: RHB Jaren Toone 0-0: Called Strike
0-1: Foul Ball, location: 2F
0-2: Ball
1-2: Strikes out swinging
Batting: RHB Corey Douglas 0-0: Ball
1-0: Ball
2-0: Foul Ball, location: 2F
2-1: Swinging Strike
2-2: Ball
3-2: Base on Balls
Batting: LHB Furman Auerbach 0-0: Ball
1-0: Called Strike
1-1: Foul Ball, location: 2F
1-2: Strikes out swinging
Top of the 7th over - 0 runs, 0 hits, 0 errors, 1 left on base; Monterrey 1 - Lynn 2
BOTTOM OF THE 7TH
Lynn Patriots batting - Pitching for Monterrey Killer Whales : RHP Jessie Fisher
Batting: RHB Malik Donnell 0-0: Swinging Strike
0-1: Called Strike
0-2: Strikes out swinging
Batting: SHB Xavier Amaro 0-0: Called Strike
0-1: Ball
1-1: Ball
2-1: Fly out, F7 (Flyball, 78M, EV 95.0 MPH)
Batting: RHB O.K. Emelyantsev 0-0: Called Strike
0-1: Ground out 5-3 (Groundball, 56, EV 103.1 MPH)
Bottom of the 7th over - 0 runs, 0 hits, 0 errors, 0 left on base; Monterrey 1 - Lynn 2
TOP OF THE 8TH
Monterrey Killer Whales batting - Pitching for Lynn Patriots : RHP Chas Lee
Batting: RHB Billy Taylor 0-0: Called Strike
0-1: Fly out, F7 (Flyball, 78S, EV 80.6 MPH)
Batting: LHB Ray Seevers 0-0: Foul Ball, location: 2F
0-1: Ground out 4-3 (Groundball, 4, EV 105.0 MPH)
Batting: LHB Tony May 0-0: SOLO HOME RUN (Flyball, 89XD, EV 106.2 MPH), Distance : 405 ft
Batting: SHB Tucker Shad 0-0: Foul Ball, location: 2F
0-1: Ball
1-1: Swinging Strike
1-2: Foul Ball, location: 2F
1-2: Strikes out looking
Top of the 8th over - 1 run, 1 hit, 0 errors, 0 left on base; Monterrey 2 - Lynn 2
BOTTOM OF THE 8TH
Lynn Patriots batting - Pitching for Monterrey Killer Whales : RHP Jessie Fisher
Pitching: LHP Edgar Kozlowski
Batting: LHB Shan Waseem 0-0: Ball
1-0: Called Strike
1-1: Foul Ball, location: 2F
1-2: Strikes out looking
Pinch Hitting: RHB Mike Thompson 0-0: Ball
1-0: Fly out, F8 (Flyball, 8LXD, EV 86.9 MPH)
Batting: RHB Isaac Murphy 0-0: Ball
1-0: Ball
2-0: Ball
3-0: Called Strike
3-1: Base on Balls
Batting: LHB Brandt Bagishaev 0-0: Ball
1-0: Foul Ball, location: 2F
1-1: Foul Ball, location: 2F
1-2: Foul Ball, location: 2F
1-2: Foul Ball, location: 2F
1-2: DOUBLE (Line Drive, 78D, EV 105.0 MPH)
Isaac Murphy to third
Batting: LHB Sherman Primes 0-0: Ball
1-0: Ball
2-0: Foul Ball, location: 2F
2-1: Fly out, F6 (Line Drive, 6, EV 70.6 MPH)
Bottom of the 8th over - 0 runs, 1 hit, 0 errors, 2 left on base; Monterrey 2 - Lynn 2
TOP OF THE 9TH
Monterrey Killer Whales batting - Pitching for Lynn Patriots : RHP Chas Lee
Pitching: RHP Quin Mueller
Now at 2B: Garret Hoffman
Pinch Hitting: LHB Randall Darby 0-0: Called Strike
0-1: Ball
1-1: Ball
2-1: Ball
3-1: Called Strike
3-2: Fly out, F8 (Flyball, 8RXD, EV 96.9 MPH)
Batting: LHB Stephen Snowbarger 0-0: Called Strike
0-1: Ball
1-1: Called Strike
1-2: Ball
2-2: Ball
3-2: Base on Balls
Batting: RHB Jaren Toone 0-0: Foul Ball, location: 2F
0-1: Ball
1-1: Foul Ball, location: 2F
1-2: Strikes out swinging
Batting: RHB Corey Douglas 0-0: Called Strike
0-1: Ball
1-1: Ball
2-1: Ball
3-1: Foul Ball, location: 2F
3-2: Foul Ball, location: 2F
3-2: SINGLE (Groundball, 6MD, EV 106.9 MPH)
Stephen Snowbarger to second
Stephen Snowbarger to third
Batting: LHB Furman Auerbach 0-0: Ball
1-0: Ball
2-0: Foul Ball, location: 2F
2-1: Swinging Strike
2-2: Fielders Choice at 2nd, 6-4 (Groundball, 56, EV 84.4 MPH)
Top of the 9th over - 0 runs, 1 hit, 0 errors, 2 left on base; Monterrey 2 - Lynn 2
BOTTOM OF THE 9TH
Lynn Patriots batting - Pitching for Monterrey Killer Whales : LHP Edgar Kozlowski
Now at 1B: Jakob Barnes
Now at 3B: Corey Douglas
Batting: LHB Rashaun Harrington 0-0: Ball
1-0: Foul Ball, location: 2F
1-1: Swinging Strike
1-2: Foul Ball, location: 2F
1-2: Ball
2-2: Strikes out swinging
Batting: RHB Malik Donnell 0-0: Ball
1-0: Called Strike
1-1: Ball
2-1: Ball
3-1: Base on Balls
Pitching: RHP Tom Beard
Batting: SHB Xavier Amaro 0-0: Ball
1-0: Foul Ball, location: 2F
1-1: Ball
2-1: Called Strike
Malik Donnell steals 2nd base
2-2: Ball
3-2: Ground out 4-3 (Groundball, 4, EV 91.2 MPH)
Malik Donnell to third
Pinch Hitting: LHB Chase Corman 0-0: Ball
1-0: Ground out U3 (Groundball, 3L, EV 89.4 MPH)
Bottom of the 9th over - 0 runs, 0 hits, 0 errors, 1 left on base; Monterrey 2 - Lynn 2
TOP OF THE 10TH
Monterrey Killer Whales batting - Pitching for Lynn Patriots : RHP Quin Mueller
Now in LF: Chase Corman
Now in CF: Malik Donnell
Batting: RHB Billy Taylor 0-0: Ball
1-0: Ground out 5-3 (Groundball, 5L, EV 104.4 MPH)
Batting: LHB Ray Seevers 0-0: Ground out 4-3 (Groundball, 4D, EV 108.8 MPH)
Batting: LHB Tony May 0-0: Foul Ball, location: 2F
0-1: Swinging Strike
0-2: Strikes out looking
Top of the 10th over - 0 runs, 0 hits, 0 errors, 0 left on base; Monterrey 2 - Lynn 2
BOTTOM OF THE 10TH
Lynn Patriots batting - Pitching for Monterrey Killer Whales : RHP Tom Beard
Batting: LHB Shan Waseem 0-0: Called Strike
0-1: Foul Ball, location: 2F
0-2: Foul Ball, location: 2F
0-2: Fly out, F5 (Popup, 5, EV 77.5 MPH)
Batting: RHB Garret Hoffman 0-0: Ball
1-0: Ground out 5-3 (Groundball, P, EV 83.8 MPH)
Batting: RHB Isaac Murphy 0-0: Called Strike
0-1: Swinging Strike
0-2: Ball
1-2: Ground out 6-3 (Groundball, 6MS, EV 73.1 MPH)
Bottom of the 10th over - 0 runs, 0 hits, 0 errors, 0 left on base; Monterrey 2 - Lynn 2
TOP OF THE 11TH
Monterrey Killer Whales batting - Pitching for Lynn Patriots : RHP Quin Mueller
Batting: SHB Tucker Shad 0-0: Ball
1-0: Ball
2-0: Foul Ball, location: 2F
2-1: Foul Ball, location: 2F
2-2: SINGLE (Flyball, 5D, EV 88.8 MPH)
Batting: RHB Jakob Barnes 0-0: Called Strike
0-1: Called Strike
0-2: Ball
1-2: Strikes out swinging
Batting: LHB Stephen Snowbarger 0-0: Ball
1-0: Called Strike
1-1: Fly out, F7 (Flyball, 7, EV 88.8 MPH)
Pitching: RHP Blake Tippett
Batting: RHB Jaren Toone 0-0: Swinging Strike
0-1: Ball
1-1: Fly out, F9 (Line Drive, 89S, EV 95.0 MPH)
Top of the 11th over - 0 runs, 1 hit, 0 errors, 1 left on base; Monterrey 2 - Lynn 2
BOTTOM OF THE 11TH
Lynn Patriots batting - Pitching for Monterrey Killer Whales : RHP Tom Beard
Batting: LHB Brandt Bagishaev 0-0: Ball
1-0: Ball
2-0: Hit by Pitch
Batting: LHB Sherman Primes 0-0: Called Strike
Brandt Bagishaev steals 2nd base
0-1: Ball
1-1: Swinging Strike
1-2: Foul Ball, location: 2F
1-2: Ball
2-2: Foul Ball, location: 2F
2-2: Foul Ball, location: 2F
2-2: Ball
3-2: Hit by Pitch
Batting: LHB Rashaun Harrington 0-0: Called Strike
0-1: Called Strike
0-2: Strikes out swinging
Batting: RHB Malik Donnell 0-0: Called Strike
0-1: Ball
1-1: Ball
2-1: Ball
3-1: Foul Ball, location: 2F
3-2: Fielders Choice at 2nd, 6-4 (Groundball, 6, EV 77.5 MPH)
Brandt Bagishaev to third
Batting: SHB Xavier Amaro 0-0: Ball
1-0: Ball
2-0: Foul Ball, location: 2F
2-1: Ground out 4-3 (Groundball, 34, EV 78.8 MPH)
Bottom of the 11th over - 0 runs, 0 hits, 0 errors, 2 left on base; Monterrey 2 - Lynn 2
TOP OF THE 12TH
Monterrey Killer Whales batting - Pitching for Lynn Patriots : RHP Blake Tippett
Batting: RHB Corey Douglas 0-0: Called Strike
0-1: Ball
1-1: Swinging Strike
1-2: Ball
2-2: Strikes out looking
Batting: LHB Furman Auerbach 0-0: Foul Ball, location: 2F
0-1: Ball
1-1: DOUBLE (Line Drive, 3D, EV 98.1 MPH)
Batting: RHB Billy Taylor 0-0: 2-RUN HOME RUN (Flyball, 78XD, EV 100.0 MPH), Distance : 401 ft
Batting: LHB Ray Seevers 0-0: Reached on error, E4 (Groundball, 4M, EV 88.1 MPH)
Batting: LHB Tony May 0-0: Ball
Ray Seevers is caught stealing 2nd base 2-6
1-0: Foul Ball, location: 2F
1-1: SINGLE (Groundball, 4D, EV 107.5 MPH)
Batting: SHB Tucker Shad 0-0: Ground out 5-3 (Groundball, 56S, EV 88.1 MPH)
Top of the 12th over - 2 runs, 3 hits, 1 error, 1 left on base; Monterrey 4 - Lynn 2
BOTTOM OF THE 12TH
Lynn Patriots batting - Pitching for Monterrey Killer Whales : RHP Tom Beard
Pitching: RHP Garrison Hughes
Batting: LHB Chase Corman 0-0: Ball
1-0: Foul Ball, location: 2F
1-1: Ball
2-1: Ball
3-1: Swinging Strike
3-2: Strikes out swinging
Pitching: LHP Gunnar Keel
Batting: LHB Shan Waseem 0-0: Called Strike
0-1: Ball
1-1: Swinging Strike
1-2: Ball
2-2: Ball
3-2: Base on Balls
Batting: RHB Garret Hoffman 0-0: Ball
1-0: Ball
2-0: Swinging Strike
2-1: Called Strike
2-2: Foul Ball, location: 2F
2-2: Fly out, F8 (Flyball, 8RXD, EV 95.6 MPH)
Batting: RHB Isaac Murphy 0-0: Ball
1-0: Ball
2-0: Called Strike
2-1: Foul Ball, location: 2F
2-2: Ball
3-2: Strikes out looking
Bottom of the 12th over - 0 runs, 0 hits, 0 errors, 1 left on base; Monterrey 4 - Lynn 2
Monday, April 29th , 2024 - OOTP Baseball 23.10 Build 110